 Dungeon Crawl Stone Soup version 0.23-a0-171-g5ae17c6 (webtiles) character file.

175 iamserjio the Skirmisher (level 5, -1/42 HPs)
             Began as a Human Wanderer on Sept 14, 2018.
             Slain by an ogre
             ... wielding a +0 giant spiked club
              (20 damage)
             ... on level 4 of the Dungeon.
             The game lasted 00:09:35 (3264 turns).

iamserjio the Skirmisher (Human Wanderer)           Turns: 3264, Time: 00:09:36

Health: -1/42      AC:  8    Str: 15    XL:     5   Next: 86%
Magic:  9/9        EV: 11    Int: 13    God:
Gold:   114        SH:  0    Dex: 10    Spells: 10/10 levels left

rFire    . . .     SeeInvis .   p - +0 flail
rCold    . . .     Gourm    .   (no shield)
rNeg     . . .     Faith    .   d - +0 ring mail
rPois    .         Spirit   .   w - +2 hat
rElec    .         Reflect  .   q - +0 cloak
rCorr    .         Harm     .   (no gloves)
MR       .....                  (no boots)
Stlth    ..........             (no amulet)
HPRegen  0.14/turn              (no ring)
MPRegen  0.11/turn              (no ring)

@: no status effects
A: no striking features
a: no special abilities


You were on level 4 of the Dungeon.
You were not hungry.

You visited 1 branch of the dungeon, and saw 4 of its levels.

You collected 114 gold pieces.

Inventory:

Hand Weapons
 b - a +0 shortbow
 e - a +0 hunting sling
 k - a +0 short sword
 n - a +0 spear
 p - a +0 flail (weapon)
 s - a +4 dagger
 v - a +0 trident
Missiles
 c - 43 arrows
 h - 20 poisoned needles
 l - 67 stones (quivered)
Armour
 d - a +0 ring mail (worn)
 q - a +0 cloak (worn)
 r - a +3 ring mail
 w - a +2 hat (worn)
Jewellery
 u - a cursed -2 ring of dexterity {unknown}
Wands
 a - a wand of enslavement (7)
Scrolls
 g - a scroll of fear {unknown}
 j - 3 scrolls of teleportation {unknown}
 m - 4 scrolls of remove curse {unknown}
 o - a scroll of identify {unknown}
Potions
 t - a potion of heal wounds {unknown}
Comestibles
 f - 3 rations


   Skills:
 - Level 4.0 Fighting
   Level 2.0 Axes
 * Level 0.2(1.2) Maces & Flails
 - Level 2.0 Armour
 + Level 3.4 Dodging
   Level 1.0 Shields
 + Level 3.1 Spellcasting
 - Level 1.0 Evocations


You had 10 spell levels left.
You didn't know any spells.
Your spell library was empty.

Dungeon Overview and Level Annotations

Branches:
Dungeon (4/15)
 Temple: D:4-7

Altars:
Dithmenos

Annotations:
D:3 2 runed doors, Eustachio; KristoblXynda's ghost, amateur TrWz
D:4 Grinder


Message History

You start putting on your armour.
You continue putting on your glowing hat. x4
You finish putting on your +2 hat.
An ogre comes into view. It is wielding a giant spiked club.
The ogre shouts!
The ogre moves out of view.
The ogre barely misses you.
The ogre is too close now for your liking.
An ogre is nearby!
All of the chunks of flesh in your inventory have rotted away.
You sock the ogre!
The ogre hits you with a giant spiked club!
You hit the ogre. The ogre closely misses you.
You sock the ogre! The ogre barely misses you.
You hit the ogre but do no damage. You hit the ogre.
The ogre hits you with a giant spiked club!
You hit the ogre but do no damage.
The ogre hits you with a giant spiked club!!
You die...

##...## #.# #...#
##'## #.# #..## #.
##.# #.## #) #..# #.#
##.## #.## #.#
##...###########.#
#.#
#.....##.........#
#.#
####...###.######..#
#.#
...............O@...#
#.#####
######.####.######.##
#...... #. #.######.#
####### #. #........#
#. ########## #. #.
####### #......
#.#####


You could see an ogre.

Vanquished Creatures
  An orc priest (D:3)
  An orc wizard (D:4)
  A howler monkey skeleton (D:4)
  2 adders
  2 oozes
  2 worms
  A dart slug (D:1)
  2 leopard geckos
  6 orcs
  4 giant cockroaches
  5 goblins
  7 hobgoblins (D:1)
  5 jackals
  8 kobolds
  A ball python (D:3)
  5 bats
  2 frilled lizards
  8 rats
63 creatures vanquished.

Vanquished Creatures (collateral kills)
  An orc priest (D:3)
1 creature vanquished.

Grand Total: 64 creatures vanquished

Notes
Turn   | Place    | Note
-------+----------+-------------------------------------------
     0 | D:1      | iamserjio the Human Wanderer began the quest for the Orb.
     0 | D:1      | iamserjio set off with: a wand of enslavement (15), a +0
                  | shortbow, 24 arrows, a +0 ring mail, a ration
     0 | D:1      | Reached XP level 1. HP: 19/19 MP: 1/1
    61 | D:1      | Reached XP level 2. HP: 24/25 MP: 1/3
    89 | D:1      | Reached skill level 1 in Dodging
   126 | D:1      | Reached skill level 1 in Spellcasting
   583 | D:1      | Reached XP level 3. HP: 30/30 MP: 3/5
  1078 | D:2      | Noticed a hippogriff
  1252 | D:2      | Reached XP level 4. HP: 21/37 MP: 5/7
  1499 | D:3      | Found a runed door.
  1507 | D:3      | Noticed KristoblXynda's ghost (amateur TrWz)
  1586 | D:3      | Reached XP level 5. HP: 25/42 MP: 8/8
  1745 | D:3      | Found a shadowy altar of Dithmenos.
  2005 | D:3      | Found a runed door.
  2166 | D:4      | Noticed Eustachio
  2477 | D:4      | Noticed Grinder
  3248 | D:4      | Noticed an ogre
  3264 | D:4      | Slain by an ogre

Vault maps used:
D:1:      tarquinn_simple_flora_water_a
D:3:      grunt_dithmenos_smoke_and_mirrors, hellmonk_ghost_happy_afterlife,
          first_ration, uniq_crazy_yiuf_cottage
D:4:      uniq_eustachio, uniq_grinder, uniq_pikel

Skill      XL: |  1  2  3  4  5 |
---------------+----------------+-----
Dodging        | 1 2 3 |  3.4
Spellcasting   | 1 2 3 |  3.1
Fighting       | |  4.0
Axes           | |  2.0
Maces & Flails | |  0.2
Armour         | |  2.0
Shields        | |  1.0
Evocations     | |  1.0

Action                   |  1- 3 |  4- 6 || total
-------------------------+-------+-------++-------
Melee: Unarmed           |     5 |     7 ||    12
       Spear             |       |    59 ||    59
       Flail             |       |    22 ||    22
       Trident           |       |    15 ||    15
 Fire: Shortbow          |   123 |    29 ||   152
Evoke: Wand              |       |     8 ||     8
  Use: Potion            |       |     3 ||     3
  Eat: Chunk             |     1 |     6 ||     7
Armor: Ring mail         |    27 |    28 ||    55
       Skin              |       |     9 ||     9
Dodge: Dodged            |    32 |    58 ||    90

Table legend:
 A = Non-vault XP
 B = Vault XP
 C = Vault XP percentage of total XP
 D = Non-vault monster count
 E = Vault monster count
 F = Vault count percentage of total count
                 A         B        C        D         E       F
            +---------+---------+-------+---------+---------+-------
      Total |     251 |       0 |   0.0 |      64 |       0 |   0.0
            +---------+---------+-------+---------+---------+-------
        D:1 |      62 |       0 |   0.0 |      34 |       0 |   0.0
        D:2 |      12 |       0 |   0.0 |       4 |       0 |   0.0
        D:3 |      98 |       0 |   0.0 |      17 |       0 |   0.0
        D:4 |      79 |       0 |   0.0 |       9 |       0 |   0.0
            +---------+---------+-------+---------+---------+-------
